| TOP OF THE 1ST |
|
Santa Domingo Colonials batting - Pitching for Guadalajara Marianchis : RHP Glenn Fisher
|
|
Pitching: RHP Glenn Fisher
|
|
|
Batting: SHB Curt Bryan
|
0-0: Called Strike 0-1: Ball 1-1: Ball 2-1: Ball 3-1: Ground out 6-3 (Groundball, 6, EV 103.1 MPH)
|
|
Batting: SHB Bip Roberts
|
0-0: Foul Ball, location: 2F 0-1: DOUBLE (Flyball, 9LM, EV 103.1 MPH)
|
|
Batting: LHB Mike Stenhouse
|
0-0: Ball Wild Pitch! Bip Roberts to third 1-0: Ball 2-0: Called Strike 2-1: Ball 3-1: Base on Balls
|
|
Batting: RHB John Rabb
|
0-0: Foul Ball, location: 2F 0-1: Ball 1-1: Ball 2-1: Ball 3-1: DOUBLE (Line Drive, 89D, EV 111.3 MPH) Bip Roberts scores Mike Stenhouse to third Runner from 3rd tries for Home, SAFE, no throw by RF
|
|
Batting: LHB Marvell Wynne
|
0-0: Ground out 1-3 (Groundball, 23, EV 74.4 MPH) John Rabb to third
|
|
Batting: RHB Ryne Sandberg
|
0-0: SINGLE (Groundball, 6MD, EV 95.0 MPH) John Rabb scores
|
|
Batting: RHB Ken Gerhart
|
0-0: Called Strike 0-1: Ball 1-1: Ball 2-1: Called Strike 2-2: Fly out, F7 (Flyball, 7S, EV 98.1 MPH)
|
| Top of the 1st over - 3 runs, 3 hits, 0 errors, 1 left on base; Santa Domingo 3 - Guadalajara 0 |
| BOTTOM OF THE 1ST |
|
Guadalajara Marianchis batting - Pitching for Santa Domingo Colonials : LHP Omar Aguilar
|
|
Pitching: LHP Omar Aguilar
|
|
|
Batting: RHB Jack Lopez
|
0-0: Called Strike 0-1: Ball 1-1: Ball 2-1: Foul Ball, location: 2F 2-2: Strikes out looking
|
|
Batting: RHB Steven Patterson
|
0-0: Ball 1-0: Ball 2-0: Ball 3-0: Base on Balls
|
|
Batting: SHB Spike Owen
|
0-0: Ball 1-0: Called Strike 1-1: Ball 2-1: Ball 3-1: Foul Ball, location: 2F 3-2: Base on Balls Steven Patterson to second
|
|
Batting: RHB George Foussianes
|
0-0: Ball 1-0: Foul Ball, location: 2F 1-1: Ball 2-1: Ball 3-1: Foul Ball, location: 2F 3-2: Grounds into double play, 5-4-3 (Groundball, 5, EV 105.0 MPH)
|
| Bottom of the 1st over - 0 runs, 0 hits, 0 errors, 1 left on base; Santa Domingo 3 - Guadalajara 0 |
| TOP OF THE 2ND |
|
Santa Domingo Colonials batting - Pitching for Guadalajara Marianchis : RHP Glenn Fisher
|
|
Batting: SHB Eddie Tanner
|
0-0: Ball 1-0: SINGLE (Groundball, 4MD, EV 95.0 MPH)
|
|
Batting: RHB Ron Wotus
|
0-0: Ball 1-0: Ball 2-0: Ball 3-0: Called Strike 3-1: Called Strike 3-2: Base on Balls Eddie Tanner to second
|
|
Batting: SHB Curt Bryan
|
0-0: Foul Ball, location: 2F 0-1: Ball 1-1: Foul Ball, location: 2F 1-2: Foul Ball, location: 2F 1-2: Ball 2-2: Strikes out swinging
|
|
Batting: SHB Bip Roberts
|
0-0: Ball 1-0: SINGLE (Groundball, 13S, EV 76.3 MPH) (infield hit) Eddie Tanner to third Ron Wotus to second
|
|
Batting: LHB Mike Stenhouse
|
0-0: Ball 1-0: Foul Ball, location: 2F 1-1: Fly out, F8 (Flyball, 8RXD, EV 98.1 MPH) Runner from 3rd tags up, SCORES, no throw by CF Ron Wotus to third
|
|
Batting: RHB John Rabb
|
0-0: Ball Bip Roberts steals 2nd, throwing error, E2 Ron Wotus scores Bip Roberts to third 1-0: Foul Ball, location: 2F 1-1: Ball 2-1: Swinging Strike 2-2: Strikes out swinging
|
| Top of the 2nd over - 2 runs, 2 hits, 1 error, 1 left on base; Santa Domingo 5 - Guadalajara 0 |
| BOTTOM OF THE 2ND |
|
Guadalajara Marianchis batting - Pitching for Santa Domingo Colonials : LHP Omar Aguilar
|
|
Batting: RHB Mark Maher
|
0-0: Called Strike 0-1: Foul Ball, location: 2F 0-2: Ball 1-2: Foul Ball, location: 2F 1-2: Ball 2-2: Foul Ball, location: 2F 2-2: SINGLE (Line Drive, 6D, EV 96.3 MPH)
|
|
Batting: RHB Jeff Rudolph
|
0-0: SINGLE (Groundball, 56D, EV 104.4 MPH) Mark Maher to second
|
|
Batting: RHB Jose Gonzalez
|
0-0: Ball 1-0: Fielders Choice at 2nd, 5-4 (Groundball, 56, EV 104.4 MPH) Mark Maher to third
|
|
Batting: RHB Jim Smith
|
0-0: Ball 1-0: Ball 2-0: Ball 3-0: Called Strike 3-1: Grounds into double play, 4-6-3 (Groundball, 4, EV 87.5 MPH)
|
| Bottom of the 2nd over - 0 runs, 2 hits, 0 errors, 1 left on base; Santa Domingo 5 - Guadalajara 0 |
| TOP OF THE 3RD |
|
Santa Domingo Colonials batting - Pitching for Guadalajara Marianchis : RHP Glenn Fisher
|
|
Batting: LHB Marvell Wynne
|
0-0: Called Strike 0-1: Ball 1-1: Ball 2-1: Foul Ball, location: 2F 2-2: Fly out, F9 (Flyball, 9D, EV 106.9 MPH)
|
|
Batting: RHB Ryne Sandberg
|
0-0: Ball 1-0: Ball 2-0: Reached via error on a dropped throw from SS, E3 (Groundball, 6, EV 82.5 MPH)
|
|
Batting: RHB Ken Gerhart
|
0-0: DOUBLE (Flyball, 8RXD, EV 101.9 MPH) Ryne Sandberg to third Runner from 3rd tries for Home, SAFE, throw by CF to trailing runner, SAFE at third!
|
|
Batting: SHB Eddie Tanner
|
0-0: Foul Ball, location: 2F 0-1: Foul Ball, location: 2F 0-2: Ball 1-2: Foul Ball, location: 2F 1-2: Ball 2-2: Foul Ball, location: 2F 2-2: Ball 3-2: Base on Balls
|
|
Pitching: LHP Richard Cope
|
|
|
Batting: RHB Ron Wotus
|
0-0: Called Strike 0-1: Foul Ball, location: 2F 0-2: Ball 1-2: Ball 2-2: Foul Ball, location: 2F 2-2: Foul Ball, location: 2F 2-2: Fly out, F8 (Flyball, 8LD, EV 103.8 MPH) Runner from 3rd tags up, SCORES, throw by CF
|
|
Batting: SHB Curt Bryan
|
0-0: Foul Ball, location: 2F 0-1: Ball 1-1: Swinging Strike 1-2: Ball 2-2: Ball 3-2: Base on Balls Eddie Tanner to second
|
|
Batting: SHB Bip Roberts
|
0-0: Ball 1-0: Swinging Strike 1-1: Ball 2-1: SINGLE (Flyball, 5D, EV 91.3 MPH) Eddie Tanner to third Curt Bryan to second Runner from 3rd tries for Home, SAFE, throw by LF to home
|
|
Batting: LHB Mike Stenhouse
|
0-0: Ball 1-0: Ball 2-0: Called Strike 2-1: Swinging Strike 2-2: Foul Ball, location: 2F 2-2: Ball 3-2: Base on Balls Curt Bryan to third Bip Roberts to second
|
|
Batting: RHB John Rabb
|
0-0: Ball 1-0: SINGLE (Line Drive, 56D, EV 111.9 MPH) Curt Bryan scores Bip Roberts to third Mike Stenhouse to second Runner from 3rd tries for Home, SAFE, throw by LF to home
|
|
Batting: LHB Marvell Wynne
|
0-0: Ball 1-0: Called Strike 1-1: Ball 2-1: Called Strike 2-2: Foul Ball, location: 2F 2-2: Foul Ball, location: 2F 2-2: Fielders Choice at 2nd, 6-4 (Groundball, 6, EV 105.6 MPH)
|
| Top of the 3rd over - 5 runs, 3 hits, 1 error, 2 left on base; Santa Domingo 10 - Guadalajara 0 |
| BOTTOM OF THE 3RD |
|
Guadalajara Marianchis batting - Pitching for Santa Domingo Colonials : LHP Omar Aguilar
|
|
Batting: RHB Michael Williams
|
0-0: Ground out 6-3 (Groundball, 6, EV 77.5 MPH)
|
|
Batting: RHB Jack Lopez
|
0-0: Ball 1-0: Fly out, F3 (Popup, 3SF, EV 84.4 MPH)
|
|
Batting: RHB Steven Patterson
|
0-0: Ball 1-0: Swinging Strike 1-1: Ball 2-1: Called Strike 2-2: Ball 3-2: Foul Ball, location: 2F 3-2: Foul Ball, location: 2F 3-2: Strikes out swinging
|
| Bottom of the 3rd over - 0 runs, 0 hits, 0 errors, 0 left on base; Santa Domingo 10 - Guadalajara 0 |
| TOP OF THE 4TH |
|
Santa Domingo Colonials batting - Pitching for Guadalajara Marianchis : LHP Richard Cope
|
|
Batting: RHB Ryne Sandberg
|
0-0: Ball 1-0: DOUBLE (Line Drive, 9LS, EV 103.1 MPH)
|
|
Batting: RHB Ken Gerhart
|
0-0: Called Strike 0-1: Foul Ball, location: 2F 0-2: Ball 1-2: Strikes out swinging
|
|
Batting: SHB Eddie Tanner
|
0-0: Ball 1-0: Called Strike 1-1: Fly out, F8 (Flyball, 8RD, EV 88.8 MPH)
|
|
Batting: RHB Ron Wotus
|
0-0: Ball 1-0: Foul Ball, location: 2F 1-1: Fly out, F8 (Flyball, 8LD, EV 94.4 MPH)
|
| Top of the 4th over - 0 runs, 1 hit, 0 errors, 1 left on base; Santa Domingo 10 - Guadalajara 0 |
| BOTTOM OF THE 4TH |
|
Guadalajara Marianchis batting - Pitching for Santa Domingo Colonials : LHP Omar Aguilar
|
|
Batting: SHB Spike Owen
|
0-0: Swinging Strike 0-1: Swinging Strike 0-2: Ball 1-2: Ball 2-2: Ball 3-2: Ground out U3 (Groundball, 3, EV 96.9 MPH)
|
|
Batting: RHB George Foussianes
|
0-0: Ball 1-0: Called Strike 1-1: Ball 2-1: Foul Ball, location: 2F 2-2: Ball 3-2: Strikes out swinging
|
|
Batting: RHB Mark Maher
|
0-0: Called Strike 0-1: Foul Ball, location: 2F 0-2: Ball 1-2: Strikes out looking
|
| Bottom of the 4th over - 0 runs, 0 hits, 0 errors, 0 left on base; Santa Domingo 10 - Guadalajara 0 |
| TOP OF THE 5TH |
|
Santa Domingo Colonials batting - Pitching for Guadalajara Marianchis : LHP Richard Cope
|
|
Batting: SHB Curt Bryan
|
0-0: Swinging Strike 0-1: Ball 1-1: Ball 2-1: Called Strike 2-2: SINGLE (Groundball, 56S, EV 66.3 MPH) (infield hit)
|
|
Batting: SHB Bip Roberts
|
0-0: Called Strike 0-1: Ball 1-1: Fly out, F7 (Flyball, 78D, EV 105.6 MPH)
|
|
Batting: LHB Mike Stenhouse
|
0-0: Ball 1-0: Called Strike 1-1: Ball 2-1: Ball 3-1: Foul Ball, location: 2F 3-2: Base on Balls Curt Bryan to second
|
|
Batting: RHB John Rabb
|
0-0: Called Strike 0-1: Swinging Strike 0-2: Ball 1-2: Strikes out looking
|
|
Batting: LHB Marvell Wynne
|
0-0: Ball Wild Pitch! Curt Bryan to third Mike Stenhouse to second 1-0: Ball 2-0: Called Strike 2-1: Ball 3-1: Called Strike 3-2: Foul Ball, location: 2F 3-2: Base on Balls
|
|
Batting: RHB Ryne Sandberg
|
0-0: Ball 1-0: Reached on error, E4 (Flyball, 4D, EV 88.8 MPH) Curt Bryan scores Mike Stenhouse to third Marvell Wynne to second
|
|
Batting: RHB Ken Gerhart
|
0-0: Ball 1-0: SINGLE (Groundball, 34D, EV 103.8 MPH) Mike Stenhouse scores Marvell Wynne to third Ryne Sandberg to second Runner from 3rd tries for Home, SAFE, throw by RF to home
|
|
Pitching: LHP Frank Miloszewski
|
|
|
Batting: SHB Eddie Tanner
|
0-0: Called Strike 0-1: Ball 1-1: Ball 2-1: Ball 3-1: Foul Ball, location: 2F 3-2: Reached on error, E9 (Line Drive, 9, EV 104.4 MPH) Ryne Sandberg scores Ken Gerhart to third
|
|
Batting: RHB Ron Wotus
|
0-0: Ball Wild Pitch! Ken Gerhart scores Eddie Tanner to third 1-0: Ball 2-0: Ball 3-0: Base on Balls
|
|
Batting: SHB Curt Bryan
|
0-0: Ball 1-0: DOUBLE (Flyball, 78D, EV 97.5 MPH) Eddie Tanner scores Ron Wotus to third Runner from 3rd tries for Home, SAFE, no throw by CF
|
|
Batting: SHB Bip Roberts
|
0-0: Ball 1-0: Swinging Strike 1-1: Ball 2-1: Ground out 1-3 (Groundball, 13S, EV 64.4 MPH)
|
| Top of the 5th over - 7 runs, 3 hits, 2 errors, 1 left on base; Santa Domingo 17 - Guadalajara 0 |
| BOTTOM OF THE 5TH |
|
Guadalajara Marianchis batting - Pitching for Santa Domingo Colonials : LHP Omar Aguilar
|
|
Batting: RHB Jeff Rudolph
|
0-0: Ball 1-0: Ball 2-0: Swinging Strike 2-1: Swinging Strike 2-2: Foul Ball, location: 2F 2-2: Ball 3-2: Fly out, F3 (Popup, 23F, EV 85.6 MPH)
|
|
Batting: RHB Jose Gonzalez
|
0-0: Called Strike 0-1: Ball 1-1: Ball 2-1: Fly out, F7 (Flyball, 78S, EV 77.5 MPH)
|
|
Batting: RHB Jim Smith
|
0-0: Ball 1-0: DOUBLE (Line Drive, 5D, EV 96.3 MPH)
|
|
Batting: RHB Michael Williams
|
0-0: Ground out 6-3 (Groundball, 6, EV 91.3 MPH)
|
| Bottom of the 5th over - 0 runs, 1 hit, 0 errors, 1 left on base; Santa Domingo 17 - Guadalajara 0 |
| TOP OF THE 6TH |
|
Santa Domingo Colonials batting - Pitching for Guadalajara Marianchis : LHP Frank Miloszewski
|
|
Batting: LHB Mike Stenhouse
|
0-0: Called Strike 0-1: Foul Ball, location: 2F 0-2: Ball 1-2: Reached on error, E4 (Groundball, 34, EV 106.3 MPH)
|
|
Batting: RHB John Rabb
|
0-0: Called Strike 0-1: Ball 1-1: Called Strike 1-2: Strikes out swinging
|
|
Batting: LHB Marvell Wynne
|
0-0: Ball 1-0: Foul Ball, location: 2F 1-1: Ball 2-1: Fly out, F7 (Flyball, 7D, EV 98.8 MPH)
|
|
Batting: RHB Ryne Sandberg
|
0-0: Ball 1-0: Called Strike 1-1: SINGLE (Flyball, 3D, EV 90.0 MPH) Mike Stenhouse to second
|
|
Batting: RHB Ken Gerhart
|
0-0: Foul Ball, location: 2F 0-1: Foul Ball, location: 2F 0-2: Foul Ball, location: 2F 0-2: Ball 1-2: Fly out, F9 (Flyball, 9S, EV 88.1 MPH)
|
| Top of the 6th over - 0 runs, 1 hit, 1 error, 2 left on base; Santa Domingo 17 - Guadalajara 0 |
| BOTTOM OF THE 6TH |
|
Guadalajara Marianchis batting - Pitching for Santa Domingo Colonials : LHP Omar Aguilar
|
|
Batting: RHB Jack Lopez
|
0-0: Ball 1-0: Swinging Strike 1-1: Called Strike 1-2: Ball 2-2: Strikes out looking
|
|
Batting: RHB Steven Patterson
|
0-0: Called Strike 0-1: Called Strike 0-2: Fly out, F6 (Popup, 6MS, EV 78.1 MPH)
|
|
Batting: SHB Spike Owen
|
0-0: Called Strike 0-1: Ball 1-1: Foul Ball, location: 2F 1-2: Ball 2-2: Ball 3-2: Fly out, F8 (Flyball, 8LXD, EV 96.9 MPH)
|
| Bottom of the 6th over - 0 runs, 0 hits, 0 errors, 0 left on base; Santa Domingo 17 - Guadalajara 0 |
| TOP OF THE 7TH |
|
Santa Domingo Colonials batting - Pitching for Guadalajara Marianchis : LHP Frank Miloszewski
|
|
Batting: SHB Eddie Tanner
|
0-0: Ground out 4-3 (Groundball, 4, EV 95.0 MPH)
|
|
Pinch Hitting: RHB Orlando Mercado
|
0-0: Ball 1-0: Ball 2-0: Called Strike 2-1: Foul Ball, location: 2F 2-2: Strikes out swinging
|
|
Pinch Hitting: RHB Paul Runge
|
0-0: Ball 1-0: Called Strike 1-1: Swinging Strike 1-2: Ball 2-2: Fly out, F9 (Line Drive, 9, EV 98.1 MPH)
|
| Top of the 7th over - 0 runs, 0 hits, 0 errors, 0 left on base; Santa Domingo 17 - Guadalajara 0 |
| BOTTOM OF THE 7TH |
|
Guadalajara Marianchis batting - Pitching for Santa Domingo Colonials : LHP Omar Aguilar
|
|
Now at 1B: Orlando Mercado
|
|
|
Now at 3B: Vinny Jaramillo
|
|
|
Batting: RHB George Foussianes
|
0-0: SINGLE (Flyball, 5D, EV 91.9 MPH)
|
|
Batting: RHB Mark Maher
|
0-0: Called Strike 0-1: Foul Ball, location: 2F 0-2: Ball 1-2: Ball 2-2: Fly out, F2 (Popup, 2R, EV 91.3 MPH)
|
|
Batting: RHB Jeff Rudolph
|
0-0: Called Strike 0-1: Ball 1-1: Swinging Strike 1-2: Strikes out looking
|
|
Pitching: RHP Tim Reynolds
|
|
|
Batting: RHB Jose Gonzalez
|
0-0: Ball 1-0: Swinging Strike 1-1: Fly out, F8 (Flyball, 8LS, EV 69.4 MPH)
|
| Bottom of the 7th over - 0 runs, 1 hit, 0 errors, 1 left on base; Santa Domingo 17 - Guadalajara 0 |
| TOP OF THE 8TH |
|
Santa Domingo Colonials batting - Pitching for Guadalajara Marianchis : LHP Frank Miloszewski
|
|
Batting: SHB Bip Roberts
|
0-0: SINGLE (Groundball, 6MD, EV 96.3 MPH)
|
|
Pinch Hitting: LHB Marty Pevey
|
0-0: Ball 1-0: Called Strike 1-1: Foul Ball, location: 2F 1-2: DOUBLE (Flyball, 78D, EV 94.4 MPH) Bip Roberts to third Runner from 3rd tries for Home, SAFE, no throw by CF
|
|
Batting: RHB John Rabb
|
0-0: Swinging Strike 0-1: Ball 1-1: Called Strike 1-2: Ball 2-2: Fly out, F3 (Popup, 34, EV 63.1 MPH)
|
|
Batting: LHB Marvell Wynne
|
0-0: Ball 1-0: Ground out 5-3 (Groundball, 56, EV 98.1 MPH)
|
|
Batting: RHB Ryne Sandberg
|
0-0: Ball 1-0: Ball 2-0: Foul Ball, location: 2F 2-1: Foul Ball, location: 2F 2-2: Foul Ball, location: 2F 2-2: SINGLE (Line Drive, 89S, EV 103.1 MPH) Marty Pevey to third Runner from 3rd tries for Home, SAFE, throw by RF to home
|
|
Batting: RHB Ken Gerhart
|
0-0: Ball 1-0: Ball 2-0: Ball 3-0: Base on Balls Ryne Sandberg to second
|
|
Pitching: RHP Gary Ezell
|
|
|
Batting: SHB Eddie Tanner
|
0-0: Ball 1-0: Foul Ball, location: 2F 1-1: Ball 2-1: Swinging Strike 2-2: Ground out 2-3 (Groundball, 13S, EV 70.0 MPH)
|
| Top of the 8th over - 2 runs, 3 hits, 0 errors, 2 left on base; Santa Domingo 19 - Guadalajara 0 |
| BOTTOM OF THE 8TH |
|
Guadalajara Marianchis batting - Pitching for Santa Domingo Colonials : RHP Tim Reynolds
|
|
Now in LF: Ramon Estepa
|
|
|
Batting: RHB Jim Smith
|
0-0: Swinging Strike 0-1: Foul Ball, location: 2F 0-2: Strikes out swinging
|
|
Batting: RHB Michael Williams
|
0-0: Fly out, F9 (Flyball, 9, EV 88.8 MPH)
|
|
Batting: RHB Jack Lopez
|
0-0: Ball 1-0: Ground out 6-3 (Groundball, 4MS, EV 93.8 MPH)
|
| Bottom of the 8th over - 0 runs, 0 hits, 0 errors, 0 left on base; Santa Domingo 19 - Guadalajara 0 |
| TOP OF THE 9TH |
|
Santa Domingo Colonials batting - Pitching for Guadalajara Marianchis : RHP Gary Ezell
|
|
Pinch Hitting: RHB Alan Griffin
|
0-0: Ball 1-0: Called Strike 1-1: SINGLE (Flyball, 4D, EV 86.9 MPH)
|
|
Batting: RHB Vinny Jaramillo
|
0-0: Foul Ball, location: 2F 0-1: Ball 1-1: Called Strike 1-2: Ball 2-2: Fielders Choice at 2nd, 5-4 (Groundball, 5, EV 84.4 MPH)
|
|
Batting: SHB Bip Roberts
|
0-0: Ball 1-0: Ball 2-0: Ball 3-0: Base on Balls Vinny Jaramillo to second
|
|
Batting: RHB Ramon Estepa
|
0-0: Fly out, F3 (Popup, 3F, EV 68.8 MPH)
|
|
Pinch Hitting: LHB Rich Gedman
|
0-0: Ball 1-0: Foul Ball, location: 2F 1-1: Called Strike 1-2: Strikes out looking
|
| Top of the 9th over - 0 runs, 1 hit, 0 errors, 2 left on base; Santa Domingo 19 - Guadalajara 0 |
| BOTTOM OF THE 9TH |
|
Guadalajara Marianchis batting - Pitching for Santa Domingo Colonials : RHP Tim Reynolds
|
|
Now at C: Rich Gedman
|
|
|
Now at 1B: Alan Griffin
|
|
|
Batting: RHB Steven Patterson
|
0-0: Ball 1-0: Called Strike 1-1: Called Strike 1-2: Foul Ball, location: 2F 1-2: Foul Ball, location: 2F 1-2: Ball 2-2: Ball 3-2: Base on Balls
|
|
Batting: SHB Spike Owen
|
0-0: Called Strike 0-1: Called Strike 0-2: SINGLE (Groundball, 34S, EV 68.8 MPH) (infield hit) Steven Patterson to second
|
|
Batting: RHB George Foussianes
|
0-0: Ball 1-0: Ball 2-0: Fly out, F4 (Popup, 4S, EV 76.3 MPH)
|
|
Batting: RHB Mark Maher
|
0-0: Called Strike 0-1: 3-RUN HOME RUN (Line Drive, 78XD, EV 103.8 MPH), Distance : 435 ft
|
|
Batting: RHB Jeff Rudolph
|
0-0: Called Strike 0-1: Foul Ball, location: 2F 0-2: Ball 1-2: Strikes out swinging
|
|
Batting: RHB Jose Gonzalez
|
0-0: Ball 1-0: Fly out, F7 (Flyball, 7, EV 95.0 MPH)
|
| Bottom of the 9th over - 3 runs, 2 hits, 0 errors, 0 left on base; Santa Domingo 19 - Guadalajara 3 |
|